 Dungeon Crawl Stone Soup version 0.31-a0-1112-ga3593d9213 (webtiles) character file.

Game seed: 7074127692519510780

56689 ChronoRanger the Warrior (level 14, -9/146 HPs)
             Began as a Minotaur Fighter on Dec 4, 2023.
             Was the Champion of Makhleb.
             Mangled by a goliath frog (10 damage)
             ... on level 1 of the Swamp.
             The game lasted 01:20:04 (22213 turns).

ChronoRanger the Warrior (Minotaur Fighter)        Turns: 22213, Time: 01:20:05

Health: -9/146     AC: 15    Str: 26    XL:     14   Next: 43%
Magic:  16/16      EV: 14    Int:  5    God:    Makhleb [******]
Gold:   1501       SH:  5    Dex:  6    Spells: 13/13 levels left

rFire   . . .        p - +0 morningstar
rCold   . . .        c - +1 buckler
rNeg    . . .        t - +0 plate armour
rPois   +            (helmet restricted)
rElec   +            d - +0 cloak
rCorr   +            m - +0 pair of gloves
SInv    .            I - +2 pair of boots of Spring {Rampage rElec rCorr Dex-4}
Will    +....        (no amulet) Stlth
                     k - +5 ring of evasion
HPRegen 0.44/turn    b - ring of poison resistance
MPRegen 0.15/turn

%: rampage
@: corroded
A: horns 2, retaliatory headbutt
a: Renounce Religion, Minor Destruction, Lesser Servant of Makhleb, Major
Destruction, Greater Servant of Makhleb


You were on level 1 of the Swamp.
You worshipped Makhleb.
Makhleb was exalted by your worship.
You visited 6 branches of the dungeon, and saw 19 of its levels.
You also visited: Bailey.

You collected 1524 gold pieces.
You spent 23 gold pieces at shops.

Inventory:

Hand Weapons
 n - the +6 sling of Ad Valorem {speed, +Blink SInv Stlth-}
   (You found it on level 5 of the Dungeon)

   SInv:      It lets you see invisible.
   +Blink:    It lets you blink.
   Stlth-:    It makes you less stealthy.
 p - a +0 morningstar (weapon)
 z - a +5 flail of protection
Missiles
 l - 4 javelins
 o - 21 poisoned darts
Armour
 c - a +1 buckler (worn)
 d - a +0 cloak (worn)
 m - a +0 pair of gloves (worn)
 q - a +1 pair of boots
 t - a +0 plate armour (worn)
 I - the +2 pair of boots of Spring (worn) {Rampage rElec rCorr Dex-4}
   (You found it on level 1 of the Lair of Beasts)

   Dex-4:     It affects your dexterity (-4).
   rElec:     It insulates you from electricity.
   rCorr:     It protects you from acid and corrosion.
   Rampage:   It bestows one free step when moving towards enemies.
Jewellery
 b - a ring of poison resistance (right hand)
 f - a +5 ring of evasion
 k - a +5 ring of evasion (left hand)
 r - a ring of protection from fire
 w - a ring of willpower
 y - a ring of see invisible
 B - a ring of protection from cold
 D - a ring of protection from fire
Wands
 a - a wand of light (5)
 u - a wand of digging (8)
 v - a wand of flame (58) (quivered)
 H - a wand of charming (10)
 K - a wand of roots (7)
 L - a wand of mindburst (11)
 M - a wand of polymorph (2)
Scrolls
 g - 2 scrolls of teleportation
 j - a scroll of silence
 E - 3 scrolls of amnesia
 G - 2 scrolls of fog
Potions
 e - 2 potions of brilliance
 h - a potion of cancellation {unknown}
 i - a potion of lignification {unknown}
 s - a potion of magic {unknown}
 A - 2 potions of resistance
 F - a potion of enlightenment
 J - 3 potions of ambrosia
Miscellaneous
 C - a phial of floods


   Skills:
 + Level 19.3 Fighting
 - Level 14.0 Maces & Flails
 - Level 15.0 Armour
 - Level 10.0 Dodging
 - Level 5.0 Shields
 - Level 5.0 Invocations


You had 13 spell levels left.
You didn't know any spells.
Your spell library contained the following spells:

 Spells                   Type           Power      Damage    Failure   Level
 Apportation              Tloc           0%         N/A       99%         1
 Kiss of Death            Conj/Necr      0%         2d5       99%         1
 Magic Dart               Conj           0%         1d3       99%         1
 Necrotise                Necr           0%         1d4       99%         1
 Slow                     Hex            0%         N/A       99%         1
 Summon Small Mammal      Summ           0%         N/A       99%         1
 Call Imp                 Summ           0%         N/A       100%        2
 Call Canine Familiar     Summ           0%         N/A       100%        3
 Confusing Touch          Hex            0%         N/A       100%        3
 Ignite Poison            Fire/Tmut/Pois 0%         N/A       100%        3
 Mephitic Cloud           Conj/Pois/Air  0%         N/A       100%        3
 Sigil of Binding         Hex            0%         N/A       100%        3
 Tukima's Dance           Hex            0%         N/A       100%        3
 Vampiric Draining        Necr           0%         2d6       100%        3
 Dimensional Bullseye     Hex/Tloc       0%         N/A       100%        4
 Dispel Undead            Necr           0%         3d6       100%        4
 Leda's Liquefaction      Hex/Erth       0%         N/A       100%        4
 Passage of Golubria      Tloc           0%         N/A       100%        4
 Sticky Flame             Conj/Fire      0%         2d3       100%        4
 Yara's Violent Unravell  Hex/Tmut       0%         3d3       100%        5
 Ignition                 Fire           0%         3d3       100%        8


Dungeon Overview and Level Annotations

Branches:
Dungeon (10/15)            Temple (1/1) D:5            Lair (4/5) D:10
  Swamp (1/4) Lair:3        Snake (1/4) Lair:3          Orc (2/2) D:9
    Elf (0/3) Orc:2        Bailey (visited)
  Slime: Lair:4-5

Altars:
Ashenzari
Cheibriados
Dithmenos
Elyvilon
Fedhas
Gozag
Hepliaklqana
Kikubaaqudgha
Makhleb
Nemelex Xobeh
Okawaru
Qazlal
Ru
Sif Muna
Trog
Uskayaw
Vehumet
Wu Jian
Xom
Yredelemnul
Zin
The Shining One

Shops:
D:1 [   D:4 :   D:6 (   D:9 [   Orc:1 [   Orc:2 :[(*

Annotations:
Snake:1 Mlioglotl


Innate Abilities, Weirdness & Mutations

You have a pair of horns on your head.
You reflexively headbutt those who attack you in melee.


Message History

The goliath frog barely misses you.
You barely miss the alligator. You headbutt the alligator!
The alligator is lightly wounded.
The alligator bites you but does no damage.
The alligator barely misses you.
You hit the alligator but do no damage.
The alligator is lightly wounded.
The goliath frog hits you from afar!
* * * LOW HITPOINT WARNING * * *
You are splashed with acid.
You resist.
* * * LOW HITPOINT WARNING * * *
The alligator bites you but does no damage.
The alligator tail-slaps you but does no damage.
The tyrant leech bites you but does no damage.
You block the goliath frog's attack.
You barely miss the alligator.
The alligator is lightly wounded.
The alligator barely misses you. You block the alligator's attack.
The goliath frog hits you but does no damage.
The tyrant leech bites you!!
* * * LOW HITPOINT WARNING * * *
The tyrant leech draws strength from your injuries!
You hit the alligator.
The alligator is lightly wounded.
The alligator bites you but does no damage.
The alligator tail-slaps you but does no damage.
You hit the alligator. You headbutt the alligator!
The alligator is moderately wounded.
The goliath frog hits you from afar!
* * * LOW HITPOINT WARNING * * *
You are splashed with acid.
You resist.
* * * LOW HITPOINT WARNING * * *
The alligator barely misses you. You furiously retaliate!
You headbutt the alligator. The alligator tail-slaps you.
* * * LOW HITPOINT WARNING * * *
The tyrant leech bites you.
* * * LOW HITPOINT WARNING * * *
The tyrant leech draws strength from your injuries!
The goliath frog hits you from afar!
You die...

♣.~~♣~♣♣ ♣♣~..~.♣♣
♣♣♣♣♣ ♣♣♣.~.~♣♣♣
♣♣♣.~.♣ ♣.~~~..♣♣
♣♣...~<♣
♣~~~§~..♣♣♣...♣.♣♣
♣.~~~....♣.♣.♣♣♣♣
♣~~~~.~~.....♣
♣~~~.§~~~.♣.♣♣
♣@w§.~♣~~.♣.♣
♣t†...~~~.>♣♣
♣F~~~~~♣~~♣♣
.§~.~..~~.~
♣.~~~§.......
...~♣.§§...~♣
♣.~.....~.~
~.~~~..~...
.~~~♣~.§♣♣..


You could see an alligator, a tyrant leech and a goliath frog.

Vanquished Creatures
  A stone giant (Orc:2)
  2 hydras
  A ghost crab (Lair:3)
  Fannar (Lair:1)
  An alligator (Swamp:1)
  3 ogre magi
  12 two-headed ogres
  5 death yaks
  A naga sharpshooter (Snake:1)
  Urug (D:10)
  2 orc high priests (Orc:2)
  Nergalle (Lair:1)
  A skyshark (Lair:3)
  2 deep trolls (Orc:1)
  A spectral hydra (Lair:3)
  Pikel (D:4)
  A deep elf pyromancer (Bailey)
  A swamp dragon (Swamp:1)
  3 orc knights
  A necromancer (Lair:4)
  An orc sorcerer (Orc:1)
  A cyclops (Orc:2)
  3 elephants (Lair:2)
  Joseph (D:8)
  A torpor snail (Lair:4)
  3 black mambas
  2 rime drakes
  8 cane toads
  A kobold demonologist (D:10)
  9 komodo dragons
  The ghost of kuniqs the Trooper, an amateur HOFi (D:3)
  A polar bear (Lair:1)
  9 trolls
  7 blink frogs
  Prince Ribbit (D:5)
  Sigmund (D:4)
  44 yaks
  4 wyverns
  2 basilisks
  Grum (D:10)
  A steam dragon (D:8)
  Menkaure (D:5)
  2 nagas (Snake:1)
  4 wargs
  Duvessa (D:5)
  6 water moccasins
  3 acid dragons
  An ice beast (D:5)
  2 sky beasts
  26 orc warriors
  A spectral torpor snail (Lair:3)
  3 black bears
  5 centaurs
  28 ogres
  18 wolves
  A lemure (D:4)
  2 phantoms
  A kobold brigand (D:6)
  A spectral wyvern (Lair:3)
  21 bullfrogs
  6 scorpions
  Dowan (D:5)
  8 electric eels
  2 howler monkeys
  2 jellies (D:5)
  4 hounds
  8 orc priests
  3 gnoll boudas
  Crazy Yiuf (D:2)
  Terence (D:3)
  A hell rat (D:10)
  4 iguanas
  A sleepcap (D:6)
  17 orc wizards
  2 polar bear simulacra (Lair:4)
  5 yak simulacra (Lair:4)
  A wolf simulacrum (Lair:4)
  22 gnolls
  7 adders
  2 river rats (Lair:4)
  A shadow imp (D:4)
  2 ufetubi (D:7)
  A worm (D:2)
  6 dart slugs
  74 orcs
  5 ball pythons
  9 endoplasms
  A giant cockroach (D:2)
  8 goblins
  5 hobgoblins
  2 jackals (D:1)
  4 quokkas
  A bat (D:3)
  A frilled lizard (D:3)
  9 kobolds
  6 rats
  3 river rat simulacra (Lair:4)
507 creatures vanquished.

Vanquished Creatures (others)
  Erica (D:8)
  2 orcs
3 creatures vanquished.

Grand Total: 510 creatures vanquished

Notes
Turn   | Place    | Note
-------+----------+-------------------------------------------
     0 | D:1      | ChronoRanger the Minotaur Fighter began the quest for the
                  | Orb.
     0 | D:1      | Reached XP level 1. HP: 19/19 MP: 0/0
   137 | D:1      | Reached XP level 2. HP: 21/27 MP: 1/1
   362 | D:1      | Found Otyedgh's Armour Shop.
   860 | D:2      | Reached skill level 4 in Fighting
   860 | D:2      | Reached XP level 3. HP: 33/33 MP: 2/2
  1006 | D:2      | Found a runed translucent door.
  1007 | D:2      | Noticed Crazy Yiuf
  1486 | D:2      | HP: 1/33 [Crazy Yiuf/+2 quarterstaff of chaos (6)]
  1488 | D:2      | Killed Crazy Yiuf
  1489 | D:2      | Reached XP level 4. HP: 1/40 MP: 3/3
  1696 | D:3      | Identified the +5 whip "Ehywawn" {drain, rPois MP+9 Int-4}
  1923 | D:3      | Found a glowing silver altar of Zin.
  2268 | D:3      | Noticed Terence
  2275 | D:3      | Killed Terence
  2276 | D:3      | Reached XP level 5. HP: 47/47 MP: 4/4
  2562 | D:3      | Noticed kuniqs's ghost (amateur HOFi)
  2571 | D:3      | Found a runed translucent gate.
  2571 | D:3      | Found a runed translucent gate.
  2573 | D:3      | Found a runed translucent gate.
  2981 | D:4      | You fall into a shaft and drop 1 floor!
  2981 | D:5      | Entered Level 5 of the Dungeon
  3002 | D:5      | Noticed a black bear
  3013 | D:5      | Killed a black bear
  3014 | D:5      | Reached skill level 5 in Maces & Flails
  3014 | D:5      | Reached XP level 6. HP: 55/55 MP: 5/5
  3070 | D:5      | Reached skill level 5 in Fighting
  3070 | D:5      | Reached skill level 5 in Armour
  3070 | D:5      | Reached skill level 5 in Shields
  3094 | D:5      | Noticed a water moccasin
  3107 | D:5      | Killed a water moccasin
  3244 | D:5      | Found a hide-covered altar of Uskayaw.
  3256 | D:5      | Reached XP level 7. HP: 59/61 MP: 6/6
  3284 | D:5      | Found a staircase to the Ecumenical Temple.
  3293 | Temple   | Entered the Ecumenical Temple
  3339 | Temple   | Became a worshipper of Makhleb the Destroyer
  3435 | D:5      | Noticed Prince Ribbit
  3465 | D:5      | Killed Prince Ribbit
  3466 | D:5      | Reached skill level 6 in Fighting
  3489 | D:5      | Identified the +6 sling of Ad Valorem {speed, +Blink SInv
                  | Stlth-}
  3793 | D:4      | Found a sparkling altar of Nemelex Xobeh.
  4152 | D:4      | Noticed Sigmund
  4193 | D:4      | Killed Sigmund
  4194 | D:4      | Reached skill level 1 in Dodging
  4194 | D:4      | Reached XP level 8. HP: 34/71 MP: 7/7
  4368 | D:4      | Found Bieser's Book Emporium.
  4384 | D:4      | Noticed Pikel
  4405 | D:4      | Killed Pikel
  4406 | D:4      | Reached skill level 7 in Fighting
  4537 | D:4      | Found a basalt altar of Yredelemnul.
  4871 | D:5      | Noticed Menkaure
  4876 | D:5      | Killed Menkaure
  5030 | D:5      | Noticed Dowan
  5037 | D:5      | Noticed Duvessa
  5047 | D:5      | Killed Duvessa
  5049 | D:5      | Killed Dowan
  5050 | D:5      | Reached XP level 9. HP: 76/79 MP: 8/8
  5129 | D:5      | Reached * piety under Makhleb
  5762 | D:6      | Reached skill level 10 in Maces & Flails
  6034 | D:6      | Found Syesm's Weapon Shoppe.
  6086 | D:6      | Reached skill level 8 in Fighting
  6247 | D:6      | Identified the +5 ring mail "Fim Peife" {rPois Int+3 Dex+2}
  6543 | D:7      | Reached skill level 5 in Dodging
  6559 | D:7      | Found a radiant altar of Vehumet.
  6987 | D:7      | Found an ornate altar of the Wu Jian Council.
  7092 | D:7      | Reached ** piety under Makhleb
  7390 | D:7      | Reached XP level 10. HP: 90/90 MP: 9/9
  7689 | D:8      | Found a flagged portal.
  7756 | Bailey   | Entered a bailey
  7989 | Bailey   | Noticed an orc knight
  8006 | Bailey   | Killed an orc knight
  8007 | Bailey   | Reached skill level 9 in Fighting
  8277 | Bailey   | Found a large runed translucent door.
  8277 | Bailey   | Found a large runed translucent door.
  8278 | Bailey   | Noticed a deep elf pyromancer
  8417 | Bailey   | Killed a deep elf pyromancer
  9213 | D:8      | Reached *** piety under Makhleb
  9234 | D:8      | Noticed Joseph
  9236 | D:8      | Noticed Erica
  9252 | D:8      | Killed Erica
  9261 | D:8      | Killed Joseph
  9262 | D:8      | Reached skill level 10 in Fighting
  9262 | D:8      | Reached skill level 10 in Armour
  9747 | D:9      | Reached XP level 11. HP: 85/100 MP: 10/10
  9807 | D:9      | Found Inemig's Armour Shop.
  9807 | D:9      | Found a staircase to the Orcish Mines.
 10688 | D:10     | Entered Level 10 of the Dungeon
 10733 | D:10     | Noticed Urug
 10747 | D:10     | Killed Urug
 10748 | D:10     | Reached skill level 11 in Fighting
 11075 | D:10     | Noticed a seven-headed hydra
 11076 | D:10     | Noticed Grum
 11078 | D:10     | Killed a seven-headed hydra
 11089 | D:10     | Killed Grum
 11231 | D:10     | Noticed a death yak
 11233 | D:10     | Noticed a death yak
 11234 | D:10     | Noticed a death yak
 11248 | D:10     | Killed a death yak
 11248 | D:10     | Reached **** piety under Makhleb
 11266 | D:10     | Killed a death yak
 11278 | D:10     | Killed a death yak
 11287 | D:10     | Reached skill level 12 in Fighting
 11373 | D:10     | Found a staircase to the Lair.
 11663 | Lair:1   | Entered Level 1 of the Lair of Beasts
 11680 | Lair:1   | Reached skill level 1 in Invocations
 11688 | Lair:1   | Identified the +2 pair of boots of Spring {Rampage rElec
                  | rCorr Dex-4}
 11747 | Lair:1   | Reached XP level 12. HP: 98/113 MP: 12/12
 11769 | Lair:1   | Noticed Fannar
 11998 | Orc:1    | Entered Level 1 of the Orcish Mines
 12006 | Orc:1    | Noticed a two-headed ogre
 12114 | D:9      | Killed a two-headed ogre
 12372 | D:9      | Reached ***** piety under Makhleb
 12521 | Orc:1    | Found Nyukhlil's Armour Shoppe.
 12546 | Orc:1    | Noticed an ogre mage
 12546 | Orc:1    | Noticed a two-headed ogre
 12546 | Orc:1    | Noticed a two-headed ogre
 12547 | Orc:1    | Noticed a two-headed ogre
 12568 | D:9      | Killed a two-headed ogre
 12609 | D:9      | Killed a two-headed ogre
 12610 | D:9      | Reached skill level 13 in Fighting
 12693 | D:9      | Killed a two-headed ogre
 13028 | Orc:1    | Killed an ogre mage
 13298 | D:10     | Reached skill level 5 in Invocations
 13476 | Lair:1   | Killed Fannar
 13596 | Lair:1   | Noticed Nergalle
 13635 | Lair:1   | Killed Nergalle
 14478 | Lair:2   | Reached skill level 14 in Fighting
 14501 | Lair:2   | Reached XP level 13. HP: 117/124 MP: 15/15
 15615 | Lair:3   | Found a staircase to the Swamp.
 15632 | Lair:3   | HP: 1/107 [ghost crab (7)]
 16174 | Lair:3   | You fall into a shaft and drop 1 floor!
 16266 | Lair:4   | Reached skill level 10 in Dodging
 16706 | Lair:4   | Reached ****** piety under Makhleb
 16707 | Lair:4   | Reached skill level 15 in Fighting
 16743 | Lair:4   | Reached skill level 15 in Armour
 17436 | Lair:3   | Found a staircase to the Snake Pit.
 17710 | Lair:3   | Reached skill level 16 in Fighting
 18842 | D:3      | Killed kuniqs's ghost
 19059 | Orc:2    | Entered Level 2 of the Orcish Mines
 19271 | Orc:2    | Found Wilulyci's Armour Shop.
 19271 | Orc:2    | Noticed a stone giant
 19289 | Orc:2    | Killed a stone giant
 19302 | Orc:2    | Reached skill level 17 in Fighting
 19318 | Orc:2    | Reached XP level 14. HP: 47/140 MP: 16/16
 19965 | Orc:1    | Reached skill level 18 in Fighting
 20354 | Orc:2    | Paralysed by an ogre mage for 5 turns
 21161 | Orc:2    | Found Unuco's Book Shoppe.
 21164 | Orc:2    | Found Honebb's Weapon Emporium.
 21193 | Orc:2    | Found Vaej's Assorted Antiques.
 21229 | Orc:2    | Found a staircase to the Elven Halls.
 21287 | Orc:2    | Bought a scroll labelled YTSUZO LIYMERAE for 23 gold pieces
 21465 | Snake:1  | Entered Level 1 of the Snake Pit
 21513 | Snake:1  | Reached skill level 19 in Fighting
 21648 | Snake:1  | Noticed Mlioglotl
 21670 | Snake:1  | HP: 6/146 [starcursed mass[Mlioglotl] (6)]
 21672 | Snake:1  | Found a blossoming altar of Fedhas.
 22148 | Swamp:1  | Entered Level 1 of the Swamp
 22213 | Swamp:1  | HP: 6/146 [alligator (2)]
 22213 | Swamp:1  | HP: 1/146 [tyrant leech (5)]
 22213 | Swamp:1  | Mangled by a goliath frog

Illustrated notes

Levels and vault maps discovered:
D:1:      nzn_arrival_depleted_hourglass, layout_basic, serial_shops, shop
D:2:      minmay_spotlight, layout_basic,
          nicolae_concentric_dashed_squares_wild, minmay_misc_feat_tower,
          uniq_crazy_yiuf_cottage
D:3:      layout_basic, mainiacjoe_overflow_alcove_1, gammafunk_ghost_split,
          corexii_hall_statues_x, kennysheep_cross_room,
          chequers_serial_rivers_small_b, uniq_terence
D:4:      layout_gridville, mainiacjoe_overflow_boulevard,
          nicolae_overflow_hidden_temple, serial_shops,
          nicolae_book_shop_shelving, uniq_sigmund, uniq_pikel
D:5:      layout_loops_corners, mainiacjoe_overflow_small_starburst,
          temple_green, uniq_prince_ribbit1, uniq_duvessa, uniq_menkaure
D:6:      layout_basic, serial_shops, shop, minmay_misc_feat_plants,
          serial_park_tiny_1, minmay_stone_trees_small,
          kennysheep_generic_room_14
D:7:      layout_gridville, vehumet_altar_wand_db, lemuel_round_altar
D:8:      layout_gridville, enter_bailey_5, minmay_misc_feat_pillars,
          fungi_pond_lemuel, uniq_erica, uniq_joseph
D:9:      layout_big_octagon, orc_david_3
D:10:     layout_gridville, dpeg_lair_monsters, uniq_urug, uniq_grum
Temple:   compressed_dpeg_triangle_lava_temple
Lair:1:   layout_cave_shapes, serial_forest, infiniplex_forest_end_2,
          infiniplex_forest_straight_2, infiniplex_forest_zigzag_1,
          infiniplex_forest_clump_long, infiniplex_forest_clump_double,
          infiniplex_forest_straight_2, infiniplex_forest_zigzag_1,
          infiniplex_forest_end_double, infiniplex_forest_corner_1,
          lemuel_fruit_fields, uniq_nergalle, uniq_fannar
Lair:2:   layout_roguey, disabler_island
Lair:3:   layout_chaotic_city, nicolae_swamp_entry_spooky, dummy_snake_entry,
          serial_bayou_lagoon_a
Lair:4:   layout_loops_ring, eino_house_with_fridge
Swamp:1:  layout_falls_marsh, nicolae_swamp_feature_on_the_river_bank,
          swamp_pool_1_2, hangedman_swamp_blocks
Snake:1:  layout_chambers, basic_altar, serial_library_hellmonk_secret_room,
          serial_bayou_shore_a, uniq_aizul, uniq_frances, uniq_roxanne,
          uniq_mlioglotl
Orc:1:    layout_caves, serial_shops, shop
Orc:2:    st_orc_open, layout_caves, mines1_david

Skill      XL: |  1  2  3  4  5  6  7  8  9 10 11 12 13 14 |
---------------+-------------------------------------------+-----
Maces & Flails | 3 4 5 6 7 9 11 13 14 | 14.0
Fighting       | 4 5 6 7 8 10 12 14 17 19 | 19.3
Armour         | 4 5 6 7 8 10 12 14 15 | 15.0
Shields        | 4 5 |  5.0
Dodging        | 1 3 5 7 8 10 | 10.0
Invocations    | 2 5 |  5.0

Action                     |  1- 3 |  4- 6 |  7- 9 | 10-12 | 13-15 || total
---------------------------+-------+-------+-------+-------+-------++-------
  Melee: Flail             |    84 |    25 |       |       |       ||   109
         Headbutt          |     8 |    13 |    38 |   163 |   149 ||   371
         Morningstar       |       |    34 |   230 |   713 |   606 ||  1583
  Evoke: Wand              |       |       |       |     3 |    16 ||    19
    Use: Scroll            |     2 |     3 |     3 |    10 |     7 ||    25
         Potion            |     1 |       |     2 |     7 |     9 ||    19
 Armour: Scale mail        |    39 |    28 |    56 |       |       ||   123
         Chain mail        |       |       |    47 |    31 |       ||    78
         Plate armour      |       |       |       |   522 |   603 ||  1125
  Dodge: Dodged            |    40 |    45 |   164 |   472 |   481 ||  1202
  Block: Buckler           |    15 |    15 |    53 |   175 |   219 ||   477

Table legend: (Time is in decaauts)
 A = Elapsed time spent in this place.
 B = Non-inter-level travel time spent in this place.
 C = Inter-level travel time spent in this place.
 D = Time resting spent in this place.
 E = Time spent auto-exploring this place.
 F = Levels seen in this place.
 G = Mean time per level.
                   A        B        C        D        E       F      G
               +--------+--------+--------+--------+--------+-----+--------+
         Total |  22052 |  20832 |   1220 |   5794 |   3965 |  20 | 1102.6 |
       Dungeon |  12540 |  11554 |    986 |   2625 |   2250 |  10 | 1254.0 |
        Temple |     52 |     47 |      5 |      0 |      0 |   1 |   52.0 |
          Lair |   5241 |   5052 |    189 |   1251 |   1343 |   4 | 1310.2 |
         Swamp |     66 |     66 |      0 |      0 |      0 |   1 |   66.0 |
     Snake Pit |    653 |    653 |      0 |    457 |      0 |   1 |  653.0 |
  Orcish Mines |   2775 |   2737 |     38 |   1192 |    335 |   2 | 1387.5 |
        Bailey |    722 |    722 |      0 |    268 |     37 |   1 |  722.0 |
               +--------+--------+--------+--------+--------+-----+--------+

Top non-repeatable levels by time:
     D:9: 1844 daAuts
  Lair:3: 1677 daAuts
     D:5: 1538 daAuts
   Orc:1: 1455 daAuts
     D:8: 1440 daAuts
     D:3: 1397 daAuts
   Orc:2: 1319 daAuts
  Lair:4: 1263 daAuts
  Lair:2: 1256 daAuts
     D:4: 1250 daAuts
    D:10: 1243 daAuts
     D:7: 1168 daAuts
  Lair:1: 1044 daAuts
     D:2: 998 daAuts
     D:6: 957 daAuts
